 Dungeon Crawl Stone Soup version 0.32-a0-931-g5a2cda0630 (webtiles) character file.

Game seed: 10630471207410829834

86684 bjtr the Arsonist (level 15, -5/82 HPs)
             Began as a Gargoyle Fire Elementalist on Apr 13, 2024.
             Was the Champion of Hepliaklqana.
             Slain by a troll (20 damage)
             ... on level 1 of the Orcish Mines on Apr 14, 2024.
             The game lasted 02:20:51 (41526 turns).

bjtr the Arsonist (Gargoyle Fire Elementalist)     Turns: 41526, Time: 02:20:52

Health: -5/82      AC: 31    Str: 12    XL:     15   Next: 88%
Magic:  30/30      EV: 13    Int: 23    God:    Hepliaklqana [******]
Gold:   2005       SH: 14    Dex: 16    Spells: 12/37 levels left

rFire   . . .        a - +5 demon blade (drain)
rCold   . . .        i - +2 kite shield
rNeg    + . .        C - +0 troll leather armour
rPois   ∞            T - +2 helmet
rElec   +            J - +1 cloak
rCorr   .            s - +2 pair of gloves
SInv    .            u - +2 pair of boots
Will    +....        x - amulet of regeneration
Stlth   +++          v - +4 ring of protection
HPRegen 1.93/turn    z - +6 ring of dexterity
MPRegen 0.22/turn

%: no passive effects
@: flying, silenced
A: reduced essence, sickness immunity, AC +11, big wings, negative energy
resistance 1, electricity resistance, torment resistance 1, petrification
resistance
a: Renounce Religion, Ancestor Life: Knight, Ancestor Life: Battlemage, Ancestor
Life: Hexer


You were on level 1 of the Orcish Mines.
You worshipped Hepliaklqana.
Hepliaklqana was exalted by your worship.
You visited 4 branches of the dungeon, and saw 22 of its levels.
You also visited: Sewer and Bailey.

You collected 2186 gold pieces.
You spent 181 gold pieces at shops.

Inventory:

Hand Weapons
 a - a +5 demon blade of draining (weapon)
 b - a +3 scimitar of flaming
 c - a +3 flail of draining
Missiles
 h - 6 datura-tipped darts
 H - 3 throwing nets
 N - 6 atropa-tipped darts
 P - 35 javelins
 W - 9 curare-tipped darts (quivered)
Armour
 i - a +2 kite shield (worn)
 s - a +2 pair of gloves (worn)
 u - a +2 pair of boots (worn)
 C - a +0 troll leather armour (worn)
 J - a +1 cloak (worn)
 T - a +2 helmet (worn)
Jewellery
 d - a ring of wizardry
 j - a ring of see invisible
 t - a ring of protection from cold
 v - a +4 ring of protection (left hand)
 x - an amulet of regeneration (around neck)
 z - a +6 ring of dexterity (right hand)
 U - a ring of willpower
Wands
 l - a wand of mindburst (5)
 y - a wand of roots (12)
 A - a wand of quicksilver (5)
 E - a wand of digging (7)
Scrolls
 e - 3 scrolls of poison
 f - a scroll of fog
 m - 2 scrolls of amnesia
 o - a scroll of silence
 r - 8 scrolls of teleportation
 B - 4 scrolls of revelation
 F - 3 scrolls of fear
 G - a scroll of immolation
 Q - 2 scrolls of butterflies
 R - a scroll of torment
 Y - 2 scrolls of blinking
Potions
 g - a potion of heal wounds
 k - 8 potions of curing
 n - 3 potions of might
 p - a potion of berserk rage
 w - 2 potions of invisibility
 D - 2 potions of cancellation
 I - 2 potions of magic
 M - a potion of ambrosia
 S - 5 potions of resistance
 V - a potion of haste
 Z - 3 potions of brilliance


   Skills:
 + Level 10.3 Fighting
 + Level 8.6 Long Blades
 + Level 6.8 Armour
 + Level 7.2 Dodging
 + Level 5.9 Stealth
 * Level 11.0 Shields
 + Level 11.8 Spellcasting
 + Level 6.1 Conjurations
 + Level 14.6 Fire Magic
 + Level 0.1 Alchemy


You had 12 spell levels left.
You knew the following spells:

 Your Spells              Type           Power      Damage    Failure   Level
a - Foxfire               Conj/Fire      100%       2x1d9     1%          1
b - Scorch                Fire           100%       2d9       1%          2
c - Inner Flame           Hex/Fire       47%        N/A       2%          3
d - Volatile Blastmotes   Fire/Tloc      94%        2d17      2%          3
e - Flame Wave            Conj/Fire      57%        2d14      1%          4
f - Olgreb's Toxic Radia  Alch           14%        N/A       80%         4
g - Iskenderun's Mystic Conj/Tloc 27%            2d7        (+2d3     38%         4
h - Fulminant Prism       Conj/Alch      14%        3d8       36%         4

Your spell library contained the following spells:

 Spells                   Type           Power      Damage    Failure   Level
 Sting                    Conj/Alch      100%       1d9       4%          1
 Apportation              Tloc           26%        N/A       14%         1
 Jinxbite                 Hex            26%        N/A       22%         2
 Lesser Beckoning         Tloc           26%        N/A       22%         2
 Mercury Vapours          Alch/Air       28%        N/A       22%         2
 Maxwell's Portable Pile  Tloc           13%        2d(6-17)  41%         3
 Teleport Other           Tloc           13%        N/A       41%         3
 Alistair's Intoxication  Alch           9%         N/A       98%         5
 Ozocubu's Refrigeration  Ice            6%         4d8       100%        7
 Discord                  Hex            6%         N/A       100%        8


Dungeon Overview and Level Annotations

Branches:
Dungeon (15/15)            Temple (1/1) D:4            Lair (5/5) D:9
 Shoals (0/4) Lair:2       Spider (0/4) Lair:2        Slime (0/5) Lair:4
    Orc (1/2) D:11         Vaults (0/5) D:14          Sewer (visited)
 Bailey (visited)
 Depths: D:15

Altars:
Ashenzari
Cheibriados
Dithmenos
Elyvilon
Fedhas
Gozag
Hepliaklqana
Kikubaaqudgha
Makhleb
Nemelex Xobeh
Okawaru
Qazlal
Ru
Sif Muna
Trog
Uskayaw
Vehumet
Wu Jian
Xom
Yredelemnul
Zin
The Shining One
Jiyva
Lugonu

Shops:
D:5 (   D:7 *   D:12 [

Portals:
Abyss: Lair:5

Annotations:
Orc:1 1 transporter, 1 runed translucent door


Innate Abilities, Weirdness & Mutations

Your life essence is reduced to manifest your ancestor. (-10% HP)
You are immune to sickness and miasma.
Your stone body is resilient. (AC +11)
You are immune to poison.
Your large and strong wings let you fly.
You resist negative energy. (rN+)
You are resistant to electric shocks. (rElec)
You are resistant to unholy torment.
You are immune to petrification.


Message History

Unknown command.
Aiming: Fastroot
Press: ? - help, Shift-Dir - straight line, f/p - troll
Aim: a troll (silenced, moderately wounded, berserk, lightly drained)
Okay, then.
Aiming: Quicksilver Bolt
Press: ? - help, Shift-Dir - straight line, f/p - troll
Aim: a troll (silenced, moderately wounded, berserk, lightly drained, 71% to hit)
The bolt of dispelling energy hits the troll!
The troll is moderately wounded.
The bolt of dispelling energy hits the troll!
The troll is heavily wounded.
You block the troll's attack. The troll claws you!
The troll claws you but does no damage. You block the troll's attack.
The troll closely misses you. You block the troll's attack.
The troll bites you!
The troll claws you but does no damage. x2
Unknown command.
Unknown command.
You hit the troll. You drain the troll.
The troll is moderately wounded.
The troll bites you but does no damage. You block the troll's attack.
The troll barely misses you. x3; You block the troll's attack.
The troll bites you but does no damage. You block the troll's attack.
The troll claws you!
Unknown command.
You closely miss the troll.
The troll is moderately wounded.
You block the troll's attack. x3; The troll closely misses you.
The troll claws you but does no damage. x2
The troll bites you but does no damage. The troll claws you but does no damage.
The troll claws you!
Unknown command.
You barely miss the troll.
The troll is moderately wounded.
The troll bites you. You block the troll's attack. The troll claws you!
* * * LOW HITPOINT WARNING * * *
You block the troll's attack. x2; The troll claws you but does no damage.
The troll bites you!!
You die...
Hepliaklqana delivers you to your ancestors.

#e#..⌠..?$(..⌠
#e#....$[))$.
#y#...$$:_[$
#e#..### +#
###..#y##W##
#§#..#######
###....#...#
##...T.÷.+
##.TT@©.+
##########
#y#####y# #
###.©.### #
#.......# #
#.......#
#.......#####
###.......#...#
###
##.##.....#....#
##.#


You could see a deep elf sorcerer, a moth of wrath (unsilenced), a silent
spectre (silencing) and 3 trolls.

Vanquished Creatures
  An orc warlord (Orc:1)
  3 vault guards (D:14)
  6 hydras
  A catoblepas (D:15)
  3 death yaks (D:9)
  5 two-headed ogres
  2 boulder beetles
  5 centaur warriors
  4 thrashing horrors (Lair:5)
  2 tengu warriors
  A skyshark (Lair:3)
  A hell knight (D:15)
  2 large abominations
  3 arcanists (D:14)
  2 deep elf pyromancers
  2 cyclopes
  An orc sorcerer (Orc:1)
  7 ugly things
  3 manticores
  3 elephants (Lair:2)
  Joseph (D:8)
  10 black mambas
  A kobold blastminer (Orc:1)
  3 torpor snails
  A water nymph (Lair:2)
  2 gargoyles
  12 cane toads
  2 unseen horrors
  2 smoke demons (Lair:5)
  A rime drake (Lair:4)
  2 tengu conjurers
  A yaktaur (D:15)
  8 komodo dragons
  An efreet (D:13)
  4 polar bears
  6 trolls
  Grinder (D:3)
  A jumping spider (shapeshifter) (Lair:5)
  13 dream sheep
  16 blink frogs
  A raiju (Lair:5)
  7 slime creatures
  2 shadows
  4 wraiths
  A wyvern (Lair:3)
  43 yaks
  A hog (shapeshifter) (D:14)
  11 humans (D:14)
  7 basilisks
  3 steam dragons
  6 vampire mosquitoes
  A chaos spawn (Lair:5)
  7 water moccasins
  4 acid dragons
  23 orc warriors
  3 ogres
  A laughing skull (D:13)
  An ice beast (D:5)
  13 small abominations (Lair:5)
  24 centaurs
  A kobold brigand (D:9)
  3 scorpions
  12 bullfrogs
  2 gnoll sergeants (D:9)
  5 wights
  10 killer bees
  5 howler monkeys
  5 electric eels (Lair:2)
  A bombardier beetle (D:5)
  3 hounds
  6 jellies
  8 orc priests
  4 gnoll boudas
  A sleepcap (D:7)
  Crazy Yiuf (D:5)
  Natasha (thrice) (D:2)
  6 iguanas
  6 orc wizards
  23 gnolls
  9 adders
  A white imp (D:6)
  4 ufetubi
  9 dart slugs
  6 ribbon worms
  67 orcs
  6 bats
  6 endoplasms
  10 giant cockroaches (Sewer)
  6 hobgoblins
  4 jackals (D:3)
  10 kobolds
  4 quokkas
  5 ball pythons
  7 frilled lizards (Sewer)
  7 goblins
  3 rats
577 creatures vanquished.

Vanquished Creatures (collateral kills)
  2 death yaks
  The ghost of EvilEddieB the Trooper, a novice HuCj of Fedhas (D:6)
  A tengu warrior (D:15)
  A skyshark (Lair:4)
  A large abomination (Lair:5)
  A harpy (shapeshifter) (Lair:5)
  A necromancer (D:14)
  A manticore (D:15)
  A black mamba (Lair:1)
  A slime creature (D:13)
  2 cane toads
  An elephant (Lair:2)
  A rime drake (Lair:4)
  5 komodo dragons
  A polar bear (Lair:1)
  A troll (D:9)
  A hornet (D:7)
  3 blink frogs
  2 dream sheep
  A centaur simulacrum (D:15)
  A vampire (D:11)
  3 basilisks
  4 humans (D:14)
  A vampire mosquito (D:12)
  A ynoxinul (Lair:5)
  3 yaks
  A chaos spawn (Lair:5)
  An acid dragon (D:11)
  3 water moccasins
  3 orc warriors
  A laughing skull (D:14)
  An ogre (D:6)
  2 small abominations (Lair:5)
  4 centaurs
  A bullfrog (Lair:1)
  A wight (D:8)
  A killer bee (D:7)
  An orc priest (Orc:1)
  A gnoll bouda (D:9)
  3 orc wizards
  4 gnolls
  A ribbon worm (D:6)
  11 orcs
  2 goblins (D:7)
  A kobold (D:9)
  2 foxfires (Lair:5)
87 creatures vanquished.

Vanquished Creatures (others)
  A jelly (D:6)
  An orc wizard (D:14)
  42 ancestors
  863 foxfires
907 creatures vanquished.

Grand Total: 1571 creatures vanquished

Notes
Turn   | Place    | Note
-------+----------+-------------------------------------------
     0 | D:1      | bjtr the Gargoyle Fire Elementalist began the quest for the
                  | Orb.
     0 | D:1      | Reached XP level 1. HP: 10/10 MP: 3/3
   266 | D:1      | Reached XP level 2. HP: 16/16 MP: 1/5
   381 | D:1      | Found a faded altar of an unknown god.
   658 | D:1      | Reached XP level 3. HP: 20/20 MP: 4/6
   834 | D:1      | Learned a level 2 spell: Scorch
   838 | D:1      | Learned a level 3 spell: Inner Flame
  1007 | D:2      | Noticed Natasha
  1014 | D:2      | Killed Natasha
  1015 | D:2      | Reached skill level 1 in Fighting
  1199 | D:2      | Reached skill level 1 in Armour
  1352 | D:2      | Reached XP level 4. HP: 25/25 MP: 4/7
  1640 | D:2      | Identified the +6 whip "Beoggeosk" {protect, Fly rC+ Dex+4}
  1646 | D:2      | Noticed Natasha
  1654 | D:2      | Killed Natasha
  1655 | D:2      | Reached skill level 4 in Fire Magic
  1897 | D:2      | Noticed Natasha
  1906 | D:2      | Killed Natasha
  1907 | D:2      | Reached XP level 5. HP: 23/29 MP: 3/8
  1961 | D:3      | Learned a level 3 spell: Volatile Blastmotes
  2119 | D:3      | Noticed Grinder
  2130 | D:3      | Killed Grinder
  2131 | D:3      | Reached XP level 6. HP: 34/35 MP: 1/10
  2955 | D:3      | Reached skill level 5 in Fire Magic
  3220 | D:4      | Reached XP level 7. HP: 40/40 MP: 5/12
  3491 | D:4      | Found a staircase to the Ecumenical Temple.
  3502 | Temple   | Entered the Ecumenical Temple
  3521 | Temple   | Became a worshipper of Hepliaklqana the Forgotten
  4132 | D:5      | Entered Level 5 of the Dungeon
  4183 | D:5      | Found Gihih's Weapon Emporium.
  5132 | D:5      | Killed an unseen horror
  5133 | D:5      | Reached skill level 6 in Fire Magic
  5133 | D:5      | Reached XP level 8. HP: 32/48 MP: 3/14
  5212 | D:5      | Found a runed translucent door.
  5219 | D:5      | Learned a level 4 spell: Flame Wave
  5220 | D:5      | Noticed Crazy Yiuf
  5225 | D:5      | Killed Crazy Yiuf
  5823 | D:6      | Found a glowing drain.
  5845 | Sewer    | Entered a sewer
  6328 | Sewer    | Reached skill level 7 in Fire Magic
  6380 | Sewer    | Reached * piety under Hepliaklqana
  6446 | D:6      | Identified a scroll of acquirement
  6446 | D:6      | Acquired 349 gold pieces
  6494 | D:6      | Reached skill level 5 in Spellcasting
  6805 | D:6      | Noticed a shadow
  6806 | D:6      | Found a transporter.
  6806 | D:6      | Noticed EvilEddieB's ghost (novice HuCj)
  6818 | D:6      | Found a transporter.
  6898 | D:6      | Reached XP level 9. HP: 46/46 MP: 10/16
  7346 | D:6      | Found a sacrificial altar of Ru.
  7353 | D:6      | Found a sparkling altar of Nemelex Xobeh.
  7358 | D:6      | Found a hide-covered altar of Uskayaw.
  7799 | D:7      | Reached skill level 8 in Fire Magic
  7942 | D:7      | Found a flagged portal.
  7962 | D:7      | Reached skill level 5 in Fighting
  8033 | Bailey   | Entered a bailey
  9193 | Bailey   | Reached skill level 5 in Armour
  9434 | Bailey   | Reached skill level 9 in Fire Magic
  9457 | Bailey   | Reached XP level 10. HP: 50/53 MP: 4/19
 10062 | Bailey   | Identified the +9 triple sword "Embalmer" {venom, Dex+2}
 10888 | D:7      | Reached ** piety under Hepliaklqana
 11058 | D:7      | Reached skill level 10 in Fire Magic
 11156 | D:7      | Noticed a white ugly thing
 11162 | D:7      | Acquired a +1 demon blade of draining
 11176 | D:7      | Killed a white ugly thing
 11339 | D:7      | Found Wiceb's General Store.
 11344 | D:7      | Bought a scroll of blinking for 105 gold pieces
 11693 | D:8      | Noticed a gargoyle
 11839 | D:7      | Reached XP level 11. HP: 58/58 MP: 16/21
 12049 | D:8      | Noticed Joseph
 12060 | D:8      | Killed Joseph
 12083 | D:8      | Reached skill level 11 in Fire Magic
 13920 | D:9      | Found a staircase to the Lair.
 14061 | D:9      | Reached *** piety under Hepliaklqana
 14267 | D:9      | Learned a level 4 spell: Olgreb's Toxic Radiance
 14509 | D:10     | Entered Level 10 of the Dungeon
 14823 | D:10     | Reached skill level 12 in Fire Magic
 14845 | D:10     | Noticed a two-headed ogre
 15051 | D:10     | Noticed a green ugly thing
 15059 | D:10     | Killed a green ugly thing
 15333 | D:10     | Reached **** piety under Hepliaklqana
 15365 | D:10     | Noticed a two-headed ogre
 15371 | D:10     | Killed a two-headed ogre
 15613 | D:10     | Killed a two-headed ogre
 15614 | D:10     | Reached XP level 12. HP: 65/65 MP: 17/24
 15952 | D:11     | Noticed a two-headed ogre
 15973 | D:11     | Killed a two-headed ogre
 16783 | D:11     | Found a staircase to the Orcish Mines.
 16953 | D:11     | Noticed a boulder beetle
 16971 | D:11     | Killed a boulder beetle
 17343 | D:12     | Reached skill level 5 in Dodging
 17477 | D:12     | Reached skill level 13 in Fire Magic
 18054 | D:12     | Reached skill level 1 in Long Blades
 18087 | D:12     | Found Caoplei's Armour Boutique.
 18092 | D:12     | Bought a +0 buckler for 76 gold pieces
 18099 | D:12     | Noticed a two-headed ogre
 18105 | D:12     | Killed a two-headed ogre
 18195 | D:12     | Reached skill level 10 in Spellcasting
 18368 | D:12     | Identified the +2 falchion of the Wilderness {elec, Int+4}
 18817 | D:13     | Learned a level 4 spell: Iskenderun's Mystic Blast
 18822 | D:13     | Learned a level 4 spell: Fulminant Prism
 18841 | D:13     | Reached XP level 13. HP: 72/72 MP: 15/27
 18933 | D:13     | Reached skill level 1 in Shields
 21477 | D:14     | Reached skill level 5 in Stealth
 21965 | D:14     | Found a stormy altar of Qazlal.
 23291 | D:14     | Noticed a vault guard
 23309 | D:14     | Killed a vault guard
 23443 | D:14     | Noticed a vault guard
 23444 | D:14     | Noticed a vault guard
 23456 | D:14     | Killed a vault guard
 23461 | D:14     | Killed a vault guard
 23462 | D:14     | Reached skill level 5 in Long Blades
 23462 | D:14     | Reached skill level 14 in Fire Magic
 23464 | D:14     | Reached skill level 5 in Shields
 23464 | D:14     | Gained mutation: Your large and strong wings let you fly.
                  | [Gargoyle growth]
 23464 | D:14     | Reached XP level 14. HP: 62/77 MP: 0/29
 23927 | D:14     | Found a gate to the Vaults.
 24273 | D:15     | Entered Level 15 of the Dungeon
 24352 | D:15     | Reached ***** piety under Hepliaklqana
 25620 | D:6      | Killed EvilEddieB's ghost
 25956 | Lair:1   | Entered Level 1 of the Lair of Beasts
 26157 | Lair:1   | Identified the +8 mace of Beogh's Righteous Fury {venom,
                  | rC+ Dex+2}
 27307 | Lair:2   | Reached skill level 5 in Conjurations
 27660 | Lair:2   | Found a hole to the Spider Nest.
 29088 | Lair:4   | Found a staircase to the Slime Pits.
 29088 | Lair:4   | Found a viscous altar of Jiyva.
 29188 | Lair:3   | Reached skill level 10 in Fighting
 29188 | Lair:3   | Reached XP level 15. HP: 64/82 MP: 12/30
 29947 | Lair:4   | Reached ****** piety under Hepliaklqana
 32529 | Lair:5   | Entered Level 5 of the Lair of Beasts
 32860 | Lair:5   | Reached skill level 10 in Shields
 34505 | Lair:5   | Found a one-way gate to the infinite horrors of the Abyss.
 34506 | Lair:5   | Found a corrupted altar of Lugonu.
 40769 | Orc:1    | Entered Level 1 of the Orcish Mines
 40868 | Orc:1    | Noticed an orc warlord
 40890 | Orc:1    | Killed an orc warlord
 41358 | Orc:1    | Found a transporter.
 41506 | Orc:1    | Found a transporter.
 41506 | Orc:1    | Found a runed translucent door.
 41506 | Orc:1    | Found a bloodstained altar of Trog.
 41506 | Orc:1    | Found the necklace of Bloodlust {Fury *Rage Will++ Int-3
                  | Slay+6}
 41510 | Orc:1    | Noticed a deep elf sorcerer
 41512 | Orc:1    | Noticed a deep elf elementalist
 41526 | Orc:1    | Slain by a troll

Illustrated notes

Levels and vault maps discovered:
D:1:      lemuel_arrival_behind_the_door_small, layout_loops_ring,
          ebering_ecumenical_altar_rust, nrook_mini_vaults, grunt_decor_fettered
D:2:      layout_loops_ring, uniq_natasha
D:3:      layout_basic, item_on_display_a, uniq_grinder
D:4:      layout_rooms, minmay_temple_entry_gardened_gates, serial_rivers,
          chequers_serial_rivers_small_b, chequers_serial_rivers_small_3,
          chequers_serial_rivers_micro_e, chequers_serial_rivers_small_a,
          chequers_serial_rivers_micro_b
D:5:      layout_layer_cave, serial_shops, nicolae_shop_trees,
          uniq_crazy_yiuf_cottage
D:6:      layout_basic, minmay_overflow_temple_star_quad, gammafunk_ghost_arena,
          cheibrodos_sewer_entry_sluice
D:7:      minmay_cornered_nines, layout_rooms, serial_shops, shop,
          enter_bailey_5
D:8:      layout_basic, uniq_joseph
D:9:      layout_basic, dpeg_lair_monsters, kennysheep_dice
D:10:     layout_gridville
D:11:     minmay_angry_zag, layout_rooms, david_orc_4,
          minmay_misc_feat_four_crosses, nicolae_letterblocks
          [nicolae_letter_subblock, nicolae_letter_subblock,
          nicolae_letter_subblock, nicolae_letter_subblock,
          nicolae_letter_subblock, nicolae_letter_subblock,
          nicolae_letter_subblock, nicolae_letter_subblock,
          nicolae_letter_subblock, nicolae_letter_subblock,
          nicolae_letter_subblock, nicolae_letter_subblock,
          nicolae_letter_subblock, nicolae_letter_subblock,
          nicolae_letter_subblock, nicolae_letter_subblock,
          nicolae_letter_subblock, nicolae_letter_subblock,
          nicolae_letter_subblock, nicolae_letter_subblock,
          nicolae_letter_subblock, nicolae_letter_subblock,
          nicolae_letter_subblock, nicolae_letter_subblock,
          nicolae_letter_subblock]
D:12:     layout_loops_ring, serial_shops, nicolae_shop_hallway_plus
D:13:     layout_cave_pods
D:14:     layout_loops_ring, grunt_vaults_entry_tiered,
          kennysheep_decorative_pillar, nicolae_qazlal_scattered_showers
D:15:     regret_index_pyroclastic, layout_gridville, minmay_hedge_maze
Temple:   compressed_dpeg_triangle_lava_temple
Lair:1:   layout_cave_pods, grunt_megastairs_2
Lair:2:   layout_small_grid, nicolae_shoals_entry_flooding,
          spider_nest_entry_web_field, serial_bayou, serial_bayou_lake_a,
          serial_bayou_pond_a, serial_bayou_pond_b, serial_bayou_lagoon_a
Lair:3:   layout_hall_layers
Lair:4:   nzn_winding_woodlands_cross [nzn_winding_woodlands_5x15_concentric,
          nzn_winding_woodlands_5x15_pockets,
          nzn_winding_woodlands_5x15_crooked,
          nzn_winding_woodlands_5x15_river_crossing,
          nzn_winding_woodlands_15x15_thick_spiral], layout_misc_corridors,
          nicolae_slime_entry_field_trip
Lair:5:   hellmonk_lair_end_abyssal_woods, layout_long_grid, st_stairs_12,
          minmay_stone_trees_medium, infiniplex_staircase_pool
Orc:1:    emtedronai_trogs_sanctum, layout_caves, serial_shops,
          nicolae_shop_stone

Skill      XL: |  1  2  3  4  5  6  7  8  9 10 11 12 13 14 15 |
---------------+----------------------------------------------+-----
Fighting       | 1 2 3 4 5 6 8 9 10 | 10.3
Armour         | 1 2 3 4 5 6 |  6.8
Fire Magic     | 4 5 6 7 9 10 12 13 14 | 14.6
Dodging        | 2 3 4 5 6 7 |  7.2
Spellcasting   | 3 4 5 6 7 8 10 11 | 11.8
Conjurations   | 2 3 4 5 6 |  6.1
Stealth        | 3 4 5 |  5.9
Long Blades    | 2 5 7 8 |  8.6
Shields        | 5 8 11 | 11.0
Alchemy        | |  0.1

Action                     |  1- 3 |  4- 6 |  7- 9 | 10-12 | 13-15 || total
---------------------------+-------+-------+-------+-------+-------++-------
  Melee: Dagger            |     4 |       |       |       |       ||     4
         Mace              |    12 |       |       |       |       ||    12
         Whip              |       |    46 |   152 |    20 |       ||   218
         Demon blade       |       |       |       |   258 |   566 ||   824
         Morningstar       |       |       |       |    23 |       ||    23
         Scimitar          |       |       |       |       |    41 ||    41
  Throw: Javelin           |       |       |       |       |     6 ||     6
         Dart              |       |       |       |       |     3 ||     3
   Cast: Foxfire           |    21 |    27 |   167 |   129 |   130 ||   474
         Scorch            |     4 |    21 |    83 |   100 |    70 ||   278
         Flame Wave        |       |       |     4 |    19 |    85 ||   108
         Inner Flame       |       |       |     3 |    26 |    48 ||    77
         Volatile Blastmot |       |       |     3 |     1 |     3 ||     7
         Olgreb's Toxic Ra |       |       |       |     2 |     1 ||     3
 Invoke: Recall Ancestor   |       |       |     1 |       |       ||     1
  Evoke: Wand              |       |       |     1 |       |     3 ||     4
    Use: Potion            |       |     1 |       |     1 |     5 ||     7
         Scroll            |       |     6 |    12 |     5 |    15 ||    38
   Stab: Sleeping          |       |     1 |     2 |     5 |     8 ||    16
         Distracted        |       |       |       |       |     5 ||     5
 Armour: Leather armour    |    15 |    22 |       |       |       ||    37
         Robe              |       |    16 |   183 |   393 |       ||   592
         Troll leather arm |       |       |       |    39 |   861 ||   900
  Dodge: Dodged            |    12 |    26 |   166 |   344 |   426 ||   974
  Block: Buckler           |       |       |       |     3 |    20 ||    23
         Kite shield       |       |       |       |       |   597 ||   597

Table legend: (Time is in decaauts)
 A = Elapsed time spent in this place.
 B = Non-inter-level travel time spent in this place.
 C = Inter-level travel time spent in this place.
 D = Time resting spent in this place.
 E = Time spent auto-exploring this place.
 F = Levels seen in this place.
 G = Mean time per level.
                   A        B        C        D        E       F      G
               +--------+--------+--------+--------+--------+-----+--------+
         Total |  41789 |  39635 |   2154 |  18372 |  14789 |  24 | 1741.2 |
       Dungeon |  23943 |  22149 |   1794 |   7936 |  10429 |  15 | 1596.2 |
        Temple |     58 |     53 |      5 |      0 |      0 |   1 |   58.0 |
          Lair |  14057 |  13702 |    355 |   8438 |   3376 |   5 | 2811.4 |
  Orcish Mines |    647 |    647 |      0 |    287 |    191 |   1 |  647.0 |
         Sewer |    600 |    600 |      0 |     59 |    379 |   1 |  600.0 |
        Bailey |   2481 |   2481 |      0 |   1652 |    414 |   1 | 2481.0 |
               +--------+--------+--------+--------+--------+-----+--------+

Top non-repeatable levels by time:
  Lair:5: 7128 daAuts
  Lair:4: 3533 daAuts
    D:13: 3280 daAuts
    D:14: 2636 daAuts
  Bailey: 2481 daAuts
    D:11: 2011 daAuts
     D:5: 1961 daAuts
     D:7: 1588 daAuts
     D:8: 1585 daAuts
     D:9: 1572 daAuts
     D:6: 1552 daAuts
    D:12: 1434 daAuts
  Lair:3: 1421 daAuts
    D:10: 1237 daAuts
     D:2: 1233 daAuts
